 Dungeon Crawl Stone Soup version 0.20-a0-1017-gc3250ce (webtiles) character file.

10812 Lochraine the Geomancer (level 11, -2/61 HPs)
             Began as a Gargoyle Earth Elementalist on Apr 16, 2017.
             Was an Elder of Ru.
             Slain by a six-headed hydra (5 damage)
             ... on level 1 of the Lair of Beasts.
             The game lasted 00:53:30 (13303 turns).

Lochraine the Geomancer (GrEE)                     Turns: 13303, Time: 00:53:31

Health: -2/61      AC: 11    Str: 11 (13) XL:     11   Next: 68%
Magic:  0/20       EV: 13    Int: 17 (18) God:    Ru [****..]
Gold:   497        SH:  4    Dex:  8 (10) Spells: 4/22 levels left

rFire    . . .     SeeInvis .   b - +3 dagger (venom)
rCold    . . .     Gourm    .   K - +0 buckler
rNeg     + + +     Faith    .   n - +0 robe {rN+}
rPois    ∞         Spirit   .   p - +1 hat
rElec    +         Reflect  .   (no cloak)
rCorr    .         Harm     .   (no gloves)
MR       .....                  C - +0 pair of boots
Stlth    ++++......             (no amulet)
Regen    0.2/turn               B - ring of positive energy
MPRegen  0.2/turn               S - ring of stealth

@: horrified
A: negative energy resistance 1, electricity resistance, unbreathing,
petrification resistance, rot immunity, inability to use devices, cowardly,
inability to train armour, AC +7
a: Draw Out Power, Power Leap, Renounce Religion


You were on level 1 of the Lair of Beasts.
You worshipped Ru.
Ru was greatly pleased with you.
You were very hungry.

You visited 2 branches of the dungeon, and saw 10 of its levels.

You collected 814 gold pieces.
You spent 317 gold pieces at shops.

Inventory:

Hand Weapons
 b - a +3 dagger of venom (weapon)
 y - a +0 blowgun
 R - a +2 scimitar of flaming
Missiles
 r - 124 stones (quivered)
 u - a throwing net
Armour
 c - a +0 robe
 n - a +0 robe of positive energy (worn)
 p - a +1 hat (worn)
 C - a +0 pair of boots (worn)
 K - a +0 buckler (worn)
Magical Staves
 a - an uncursed staff of conjuration
Jewellery
 i - an uncursed amulet of guardian spirit
 k - an uncursed ring of ice
 B - a ring of positive energy (left hand)
 S - a ring of stealth (right hand)
Scrolls
 f - 2 scrolls of enchant weapon
 m - 4 scrolls of identify
 q - a scroll of fear {unknown}
 s - 3 scrolls of teleportation
 w - a scroll of recharging
 H - 3 scrolls of amnesia {unknown}
 I - 2 scrolls of summoning {unknown}
 O - a scroll of magic mapping {unknown}
Potions
 h - a potion of degeneration
 j - a potion of heal wounds
 l - a potion of flight
 v - 2 potions of mutation {unknown}
 x - 4 potions of curing
 A - a potion of brilliance {unknown}
 E - 4 potions of might {unknown}
 G - 3 potions of haste {unknown}
 J - a potion of magic {unknown}
 N - a potion of ambrosia {unknown}
Books
 e - a book of Geomancy

   Spells                             Type                      Level
   a - Sandblast                      Earth                        1
   b - Passwall                       Transmutation/Earth          2
   c - Stone Arrow                    Conjuration/Earth            3
   d - Petrify                        Transmutation/Earth          4
   e - Lee's Rapid Deconstruction     Earth                        5
 g - a book of Misfortune

   Spells                             Type                      Level
   a - Confusing Touch                Hexes                        1
   b - Confuse                        Hexes                        3
   c - Gell's Gravitas                Translocation                3
   d - Petrify                        Transmutation/Earth          4
   e - Metabolic Englaciation         Hexes/Ice                    5
   f - Yara's Violent Unravelling     Hexes/Transmutation          5
 o - a book of Air

   Spells                             Type                      Level
   a - Shock                          Conjuration/Air              1
   b - Swiftness                      Charms/Air                   2
   c - Static Discharge               Conjuration/Air              3
   d - Airstrike                      Air                          4
   e - Lightning Bolt                 Conjuration/Air              5
 L - a book of Minor Magic

   Spells                             Type                      Level
   a - Magic Dart                     Conjuration                  1
   b - Blink                          Translocation                2
   c - Call Imp                       Summoning                    2
   d - Slow                           Hexes                        2
   e - Conjure Flame                  Conjuration/Fire             3
   f - Mephitic Cloud                 Conjuration/Poison/Air       3
 P - a book of Power

   Spells                             Type                      Level
   a - Iskenderun's Battlesphere      Conjuration/Charms           5
   b - Venom Bolt                     Conjuration/Poison           5
   c - Bolt of Magma                  Conjuration/Fire/Earth       5
   d - Iron Shot                      Conjuration/Earth            6
   e - Orb of Destruction             Conjuration                  7
   f - Spellforged Servitor           Conjuration/Summoning        7
Comestibles
 d - 14 bread rations
 z - a royal jelly
 M - 7 meat rations


   Skills:
 - Level 4.1 Fighting
 - Level 3.6 Dodging
 - Level 6.5 Stealth
 * Level 4.5 Shields
 + Level 6.2 Spellcasting
 + Level 8.9 Conjurations
 - Level 4.0 Hexes
 - Level 5.3 Charms
 - Level 3.0 Translocations
 - Level 0.7 Transmutations
 - Level 3.0 Air Magic
 - Level 9.7 Earth Magic


You had 4 spell levels left.
You knew the following spells:

 Your Spells              Type           Power        Failure   Level  Hunger
a - Sandblast             Erth           ####..       1%          1    None
b - Stone Arrow           Conj/Erth      ####..       1%          3    ##.....
c - Passwall              Tmut/Erth      ###.......   2%          2    None
d - Swiftness             Chrm/Air       ###.....     3%          2    None
e - Confuse               Hex            ##......     10%         3    ##.....
f - Lee's Rapid Deconstr  Erth           ####......   10%         5    #####..
g - Blink                 Tloc           N/A          6%          2    None


Dungeon Overview and Level Annotations

Branches:
Dungeon (9/15)             Temple (0/1) D:4            Lair (1/6) D:8
    Orc: D:9-12

Altars:
Cheibriados
Dithmenos
Elyvilon
Nemelex Xobeh
Ru
Sif Muna
Trog
Vehumet
Yredelemnul
Zin
The Shining One

Shops:
D:4 ?   D:8 [

Annotations:
D:6 dvd's ghost, novice DrIE
D:7 1 exclusion


Innate Abilities, Weirdness & Mutations

You are resistant to torment.
Your stone body is resilient. (AC +7)
You are immune to poison.
You resist negative energy. (rN+)
You are resistant to electric shocks. (rElec)
You can survive without breathing.
You are immune to petrification.
You are immune to rotting.
You cannot study or use magical devices.
Your cowardice makes you less effective in combat with threatening monsters.
You cannot train Armour skill.


Message History

The fungus is moderately damaged.
Casting: Lee's Rapid Deconstruction
Confirm with . or Enter, or press ? or * to list all spells.
Aiming: Lee's Rapid Deconstruction
Press: ? - help, Dir - move target cursor The wall shatters!
The blast of rock fragments hits the six-headed hydra.
The six-headed hydra is almost dead.
You are feeling very hungry.
The six-headed hydra bites you!
You block the six-headed hydra's attack.
The six-headed hydra barely misses you. The six-headed hydra bites you! x2
* * * LOW HITPOINT WARNING * * *
The six-headed hydra bites you!
* * * LOW HITPOINT WARNING * * *
You block the six-headed hydra's attack.
The six-headed hydra bites you.
* * * LOW HITPOINT WARNING * * *
The six-headed hydra barely misses you. The six-headed hydra bites you.
You die...

..)....[......#..................
......<.......#....).#..>........
.....................#..#####P.##
########......#.........# ##..#
#.......#......#..# #.##
##................# ##.#
#......#......'..### #..# #####
#......#P.##.##..#.####.#
.##P####........@D.............#
..............#.######.#.#####.#
..............### #.### #.#
..._..........# ##.# ##.##
..............# #..# #P..#
...........>..# ###.# #..##
###.#.........######.#.# ##..##
#.#....................#####.#...
.................................


You could see a six-headed hydra.

Vanquished Creatures
  Erica (D:8)
  A hydra (Lair:1)
  Nergalle (D:8)
  Pikel (D:4)
  A centaur zombie (D:6)
  3 spiny frogs (Lair:1)
  The ghost of feelmyfire the Chopper, a novice DsBe of Trog (D:5)
  A komodo dragon (Lair:1)
  4 blink frogs (Lair:1)
  3 hippogriffs
  4 yaks (Lair:1)
  A spriggan (D:7)
  A wyvern (D:9)
  A basilisk (Lair:1)
  Menkaure (D:4)
  4 water moccasins
  2 hell hounds (D:8)
  Duvessa (D:4)
  2 orc warriors
  3 ice beasts
  2 black bears
  A sky beast (D:7)
  2 phantoms
  2 ogres (D:4)
  2 centaurs
  3 crocodiles
  4 bullfrogs
  2 big kobolds (D:9)
  Dowan (D:4)
  A wyvern zombie (D:8)
  4 scorpions
  4 wights (D:7)
  An electric eel (D:7)
  A howler monkey (D:8)
  6 crimson imps
  3 quasits
  A bullfrog zombie (D:9)
  3 hounds
  2 orc priests
  A jelly (D:7)
  11 orc wizards
  2 iguanas
  7 worker ants
  A hound zombie (D:3)
  A hound skeleton (D:6)
  2 worker ant zombies
  12 adders
  7 gnolls
  A shadow imp (D:9)
  An ooze (D:2)
  3 adder skeletons
  5 worms
  A dart slug (D:3)
  3 leopard geckos
  25 orcs
  A ball python (D:3)
  8 bats
  9 giant cockroaches
  5 goblins
  6 hobgoblins
  17 jackals
  6 quokkas
  8 frilled lizards
  13 kobolds
  A leopard gecko skeleton (D:7)
  A leopard gecko zombie (D:8)
  A quokka skeleton (D:7)
  5 rats (D:1)
246 creatures vanquished.

Vanquished Creatures (others)
  A blink frog (Lair:1)
  A slave (D:4)
  A gnoll shaman (D:4)
  2 orc wizards
  A gnoll (D:4)
  A jackal (D:6)
  A quokka (D:7)
  2 fungi (Lair:1)
  A plant (Lair:1)
11 creatures vanquished.

Grand Total: 257 creatures vanquished

Notes
Turn   | Place    | Note
-------+----------+-------------------------------------------
     0 | D:1      | Lochraine the Gargoyle Earth Elementalist began the quest for the Orb.
     0 | D:1      | Reached XP level 1. HP: 10/10 MP: 3/3
   453 | D:1      | Reached XP level 2. HP: 15/15 MP: 3/5
   531 | D:1      | Learned a level 2 spell: Passwall
  1019 | D:2      | Reached XP level 3. HP: 19/19 MP: 6/6
  1042 | D:2      | Reached skill level 4 in Earth Magic
  1589 | D:2      | Reached XP level 4. HP: 22/24 MP: 8/8
  2033 | D:3      | Learned a level 3 spell: Stone Arrow
  2035 | D:3      | Found a sacrificial altar of Ru.
  2046 | D:3      | Became a worshipper of Ru the Awakened
  2487 | D:3      | Reached skill level 1 in Conjurations
  2498 | D:3      | Reached XP level 5. HP: 28/28 MP: 2/10
  2509 | D:3      | Found a shadowy altar of Dithmenos.
  2553 | D:3      | Reached skill level 5 in Earth Magic
  2561 | D:3      | Found a glowing silver altar of Zin.
  2857 | D:3      | Found a sparkling altar of Nemelex Xobeh.
  2977 | D:3      | Found a basalt altar of Yredelemnul.
  3149 | D:3      | Reached XP level 6. HP: 17/32 MP: 8/11
  3641 | D:4      | Found a staircase to the Ecumenical Temple.
  3691 | D:4      | Noticed Duvessa
  3691 | D:4      | Noticed Dowan
  3725 | D:4      | Killed Duvessa
  3739 | D:4      | Killed Dowan
  3951 | D:4      | Noticed a slave
  3952 | D:4      | Noticed Pikel
  3956 | D:4      | Noticed Menkaure
  3957 | D:4      | Noticed a slave
  3958 | D:4      | You fall through a shaft!
  3958 | D:5      | Entered Level 5 of the Dungeon
  3992 | D:5      | Reached XP level 7. HP: 28/36 MP: 10/13
  4072 | D:5      | Noticed feelmyfire's ghost (novice DsBe)
  4321 | D:4      | Learned a level 2 spell: Swiftness
  4365 | D:4      | Reached skill level 6 in Earth Magic
  4404 | D:4      | Killed Menkaure
  4404 | D:4      | Reached skill level 1 in Charms
  4404 | D:4      | Reached skill level 1 in Air Magic
  4406 | D:4      | Gained mutation: You cannot train Armour skill. [Ru sacrifice]
  4406 | D:4      | Reached * piety under Ru
  4462 | D:4      | Killed Pikel
  4462 | D:4      | Reached skill level 5 in Conjurations
  4462 | D:4      | Reached XP level 8. HP: 41/41 MP: 9/14
  4540 | D:4      | Found Ziaxegh's Magic Scroll Shop.
  4543 | D:4      | Bought a scroll of remove curse for 36 gold pieces
  4543 | D:4      | Bought a scroll of teleportation for 36 gold pieces
  4903 | D:4      | Reached skill level 7 in Earth Magic
  5277 | D:5      | Learned a level 3 spell: Confuse
  5328 | D:5      | Found a radiant altar of Vehumet.
  5394 | D:5      | Killed feelmyfire's ghost
  5394 | D:5      | Reached XP level 9. HP: 11/45 MP: 0/15
  6005 | D:6      | Noticed dvd's ghost (novice DrIE)
  6384 | D:5      | Reached skill level 8 in Earth Magic
  6506 | D:6      | Reached skill level 5 in Spellcasting
  7108 | D:6      | Found a shadowy altar of Dithmenos.
  7484 | D:7      | Noticed a moth of wrath
  7487 | D:7      | Found a bloodstained altar of Trog.
  7611 | D:7      | Reached skill level 9 in Earth Magic
  7815 | D:7      | Gained mutation: You cannot study or use magical devices. [Ru sacrifice]
  7815 | D:7      | Reached ** piety under Ru
  7815 | D:7      | Reached *** piety under Ru
  8041 | D:7      | Reached skill level 5 in Stealth
  8171 | D:7      | Found a snail-covered altar of Cheibriados.
  8249 | D:7      | Found a white marble altar of Elyvilon.
  8255 | D:7      | Reached XP level 10. HP: 51/51 MP: 14/17
  8262 | D:7      | Reached skill level 1 in Fighting
  8478 | D:7      | Learned a level 5 spell: Lee's Rapid Deconstruction
  8594 | D:8      | Noticed Erica
  8600 | D:8      | Killed Erica
  9169 | D:8      | Found a staircase to the Lair.
  9280 | D:8      | Found Icaecy's Antique Armour Shop.
  9288 | D:8      | Bought an embroidered hat for 245 gold pieces
 10318 | D:9      | Gained mutation: Your cowardice makes you less effective in combat with threatening monsters. [Ru sacrifice]
 10318 | D:9      | Reached **** piety under Ru
 10813 | D:9      | Found a deep blue altar of Sif Muna.
 10985 | Lair:1   | Entered Level 1 of the Lair of Beasts
 11023 | Lair:1   | Learned a level 2 spell: Blink
 11037 | Lair:1   | Noticed a four-headed hydra
 11072 | Lair:1   | Killed a four-headed hydra
 11072 | Lair:1   | Reached skill level 1 in Translocations
 11072 | Lair:1   | Reached XP level 11. HP: 13/61 MP: 4/19
 11328 | Lair:1   | Reached skill level 5 in Charms
 11617 | Lair:1   | Reached skill level 1 in Shields
 11826 | Lair:1   | Noticed a six-headed hydra
 12245 | Lair:1   | Found a glowing golden altar of the Shining One.
 12800 | Lair:1   | Noticed Nergalle
 12839 | Lair:1   | Noticed a spectral orc warlord
 13149 | Lair:1   | Noticed a spectral orc warlord
 13198 | D:8      | Killed Nergalle
 13303 | Lair:1   | HP: 3/61 [six-headed hydra (5)]
 13303 | Lair:1   | Slain by a six-headed hydra

Vault maps used:
D:1:      kennysheep_arrival_forest, hangedman_abyss_or_decor_stabs
D:2:      first_bread
D:3:      nicolae_overflow_hidden_temple, minitemple, hangedman_ru_absence,
          st_stairs_6, grunt_dithmenos_smoke
D:4:      minmay_temple_entry_junction, serial_shops, nicolae_shop_behind_doors,
          uniq_pikel, uniq_duvessa, uniq_menkaure
D:5:      kennysheep_mini_moat, hangedman_decor_opposing
D:6:      nicolae_overflow_crystal_walls
D:7:      elyvilon_altar_4, cheibrodos_worm_habitat, minivault_5, the_bakery,
          minivault_14, minmay_fountain_box, tgw_trog
D:8:      minmay_lair_entry_lava, serial_shops, shop, uniq_erica
D:9:      lemuel_blue_sif_altar
Lair:1:   basic_altar, uniq_nergalle

Skill      XL: |  1  2  3  4  5  6  7  8  9 10 11 |
---------------+----------------------------------+-----
Earth Magic    | 4 5 6 7 9 |  9.7
Spellcasting   | 3 4 5 6 |  6.2
Conjurations   | 1 2 4 5 6 8 |  8.9
Charms         | 2 3 4 5 |  5.3
Air Magic      | 1 3 |  3.0
Hexes          | 2 4 |  4.0
Stealth        | 5 6 |  6.5
Dodging        | 2 3 |  3.6
Fighting       | 4 |  4.1
Translocations | 1 3 |  3.0
Shields        | 4 |  4.5
Transmutations | |  0.7

Action                   |  1- 3 |  4- 6 |  7- 9 | 10-12 || total
-------------------------+-------+-------+-------+-------++-------
Melee: Unarmed           |     3 |       |       |       ||     3
       Short sword       |    35 |   162 |       |       ||   197
       Dagger            |       |    12 |   252 |   211 ||   475
       Spear             |       |       |    20 |       ||    20
       Staff             |       |       |       |     6 ||     6
 Fire: Blowgun           |       |       |     4 |     6 ||    10
 Cast: Sandblast         |    30 |    32 |    54 |    60 ||   176
       Stone Arrow       |       |       |    35 |    80 ||   115
       Lee's Rapid Decon |       |       |       |    13 ||    13
       Confuse           |       |       |       |     3 ||     3
       Blink             |       |       |       |     3 ||     3
Invok: Sacrifice Durabil |       |       |     1 |       ||     1
       Sacrifice Artific |       |       |     1 |       ||     1
       Draw Out Power    |       |       |       |     2 ||     2
       Sacrifice Courage |       |       |       |     1 ||     1
Evoke: Wand              |       |     3 |    16 |       ||    19
  Use: Scroll            |       |     3 |     5 |     7 ||    15
       Potion            |       |     2 |     2 |     2 ||     6
 Stab: Sleeping          |     5 |     2 |       |     5 ||    12
       Paralysed         |       |     6 |       |       ||     6
       Distracted        |       |       |     2 |     1 ||     3
       Invisible         |       |       |       |     2 ||     2
  Eat: Chunk             |     2 |     5 |     9 |    22 ||    38
       Meat ration       |       |     1 |     1 |       ||     2
       Royal jelly       |       |       |       |     1 ||     1
Armor: Robe              |    12 |    75 |   119 |    92 ||   298
       Skin              |       |     6 |     1 |       ||     7
Dodge: Dodged            |    42 |   109 |   185 |   193 ||   529
Block: Buckler           |       |       |       |    20 ||    20
